 Dungeon Crawl Stone Soup version 0.21.0-3-g78d12a8 (webtiles) character file.

3628 theanonym the Fighter (level 9, 0/81 HPs)
             Began as a Demigod Necromancer on Jan 13, 2018.
             Slain by an orc warrior
             ... wielding a cursed -2 war axe
              (10 damage)
             ... on level 8 of the Dungeon.
             The game lasted 00:20:04 (8987 turns).

theanonym the Fighter (Demigod Necromancer)         Turns: 8987, Time: 00:20:05

Health: 0/81       AC: 10    Str: 17    XL:     9   Next: 57%
Magic:  23/23      EV: 10    Int: 24    God:
Gold:   18         SH:  0    Dex: 16    Spells: 3/11 levels left

rFire    . . .     SeeInvis .   a - +6 broad axe (elec)
rCold    . . .     Gourm    .   (no shield)
rNeg     . . .     Faith    .   c - +1 scale mail {10}
rPois    +         Spirit   .   A - +0 helmet
rElec    .         Reflect  .   (no cloak)
rCorr    .         Harm     .   (no gloves)
MR       .....                  (no boots)
Stlth    +.........             (no amulet)
HPRegen  0.23/turn              F - ring of poison resistance {rPoisrPois}
MPRegen  0.18/turn              l - ring of magical power {MP+9}

@: brilliant, very slightly contaminated, hasted, very quick
A: high mp 1
a: no special abilities


Innate Abilities, Weirdness & Mutations

You have an increased reservoir of magic. (+10% MP)


   Skills:
 - Level 8.1 Fighting
 * Level 7.7 Axes
 - Level 7.8 Armour
 - Level 1.7 Dodging
 - Level 1.7 Stealth
 - Level 1.7 Spellcasting
 - Level 1.9 Charms
 - Level 5.0 Necromancy


You had 3 spell levels left.
You knew the following spells:

 Your Spells              Type           Power        Failure   Level  Hunger
a - Pain                  Necr           ####         1%          1    #......
b - Animate Dead          Necr           N/A          5%          4    #####..
r - Regeneration          Chrm/Necr      ####......   3%          3    ###....

Skill      XL: |  1  2  3  4  5  6  7  8  9 |
---------------+----------------------------+-----
Necromancy     | 4 5 |  5.0
Fighting       | 1 7 8 |  8.1
Armour         | 7 |  7.8
Charms         | 1 |  1.9
Axes           | 1 2 5 7 |  7.7
Dodging        | |  1.7
Stealth        | |  1.7
Spellcasting   | |  1.7

Action                   |  1- 3 |  4- 6 |  7- 9 || total
-------------------------+-------+-------+-------++-------
Melee: Short sword       |     1 |       |       ||     1
       Whip              |     6 |     1 |       ||     7
       Flail             |       |    82 |       ||    82
       War axe           |       |    27 |   192 ||   219
       Broad axe         |       |       |    67 ||    67
 Cast: Pain              |    54 |    50 |    72 ||   176
       Regeneration      |       |       |     8 ||     8
  Use: Scroll            |       |    16 |     8 ||    24
       Potion            |       |     1 |     4 ||     5
 Stab: Sleeping          |     1 |       |       ||     1
  Eat: Chunk             |     3 |     4 |    12 ||    19
       Ration            |       |     2 |     1 ||     3
Armor: Robe              |     2 |       |       ||     2
       Scale mail        |       |    72 |   201 ||   273
Dodge: Dodged            |     9 |    80 |   153 ||   242

Inventory:

Hand Weapons
 a - a +6 broad axe of electrocution (weapon)
   (You bought it in a shop on level 6 of the Dungeon)
Armour
 c - a +1 scale mail (worn) {10}
   (You took it off Terence on level 2 of the Dungeon)
 A - a +0 helmet (worn)
   (You bought it in a shop on level 6 of the Dungeon)
Jewellery
 l - a ring of magical power (right hand) {MP+9}
   (You found it on level 4 of the Dungeon)
 p - an uncursed ring of ice {rC+ rF-}
   (You found it on level 5 of the Dungeon)
 B - a cursed amulet of inaccuracy {unknown}
   (You found it on level 8 of the Dungeon)
 F - a ring of poison resistance (left hand) {rPoisrPois}
   (You found it on level 6 of the Dungeon)
 G - an uncursed ring of magical power {MP+9}
   (You found it on level 8 of the Dungeon)
Wands
 r - a wand of flame (25)
   (You found it on level 8 of the Dungeon)
 s - a wand of disintegration (12)
   (You found it on level 4 of the Dungeon)
 v - a wand of acid (8)
   (You found it on level 6 of the Dungeon)
Scrolls
 b - a scroll of blinking
 f - a scroll of fog
 h - 6 scrolls of remove curse
 m - 2 scrolls of enchant armour
 n - 3 scrolls of amnesia
 t - 3 scrolls of teleportation {!r}
Potions
 d - a potion of magic
 g - a potion of might
 i - a potion of flight
 j - a potion of resistance {rF+ rC+}
 k - 3 potions of degeneration
 w - a potion of curing
 z - 2 potions of berserk rage
 D - 2 potions of agility
Books
 q - a book of Necromancy
 y - the Incunabulum of the Unstable Glacier
   (You found it on level 7 of the Dungeon)

   Spells                             Type                      Level
   a - Freeze                         Ice                          1
   b - Beastly Appendage              Transmutation                1
   c - Passwall                       Transmutation/Earth          2
   d - Ozocubu's Armour               Charms/Ice                   3
   e - Spider Form                    Transmutation/Poison         3
   f - Throw Icicle                   Conjuration/Ice              4
   g - Ozocubu's Refrigeration        Ice                          6
Comestibles
 e - 9 rations


You were on level 8 of the Dungeon.
You were hungry.

You visited 1 branch of the dungeon, and saw 8 of its levels.

You collected 420 gold pieces.
You spent 402 gold pieces at shops.

Dungeon Overview and Level Annotations

Branches:
Dungeon (8/15)             Temple (0/1) D:5            Lair (0/6) D:8

Shops:
D:6

*?[?}
.....(...###......#......#
......##...###....8....#
......####...###...).#
......# ###...#.....#
....## ###.##)..## ####
#.|#...# ##.##o## #..#o#
##@#'# #oo.# #####


You could see an orc warrior and an orc priest.

Notes
Turn   | Place    | Note
-------+----------+-------------------------------------------
     0 | D:1      | theanonym the Demigod Necromancer began the quest for the Orb.
     0 | D:1      | Reached XP level 1. HP: 14/14 MP: 5/5
   211 | D:1      | Reached skill level 4 in Necromancy
   308 | D:1      | Reached XP level 2. HP: 17/20 MP: 2/7
   956 | D:2      | HP: 10/20 [worm (5)]
  1255 | D:2      | Reached XP level 3. HP: 26/26 MP: 8/8
  1408 | D:2      | Noticed Terence
  1415 | D:2      | Killed Terence
  1415 | D:2      | Reached skill level 1 in Fighting
  1415 | D:2      | Reached skill level 5 in Necromancy
  1555 | D:2      | Reached XP level 4. HP: 34/35 MP: 6/9
  2219 | D:3      | HP: 16/36 [orc priest/hand axe (3)]
  2223 | D:3      | Reached skill level 2 in Fighting
  2223 | D:3      | Reached skill level 1 in Armour
  2482 | D:3      | HP: 18/36 [orc/short sword (3)]
  2489 | D:3      | HP: 10/36 [orc/short sword (5)]
  2503 | D:3      | Learned a level 3 spell: Regeneration
  3185 | D:3      | You fall through a shaft for 3 floors!
  3190 | D:6      | Reached skill level 7 in Fighting
  3190 | D:6      | Reached skill level 7 in Armour
  3190 | D:6      | Reached XP level 5. HP: 52/52 MP: 10/10
  3194 | D:6      | Found Poihued's Magic Scroll Shop.
  3194 | D:6      | Noticed an ogre
  3205 | D:5      | Entered Level 5 of the Dungeon
  3246 | D:4      | Reached XP level 6. HP: 60/60 MP: 11/11
  4452 | D:6      | Learned a level 4 spell: Animate Dead
  4459 | D:6      | Found Contofup's Magic Scroll Emporium.
  4464 | D:6      | Reached skill level 1 in Charms
  4478 | D:6      | Reached skill level 1 in Axes
  4645 | D:6      | Bought a scroll of teleportation for 42 gold pieces
  4645 | D:6      | Bought a scroll of identify for 28 gold pieces
  4645 | D:6      | Bought a scroll of identify for 28 gold pieces
  4645 | D:6      | Bought a scroll of identify for 28 gold pieces
  4669 | D:6      | Reached XP level 7. HP: 52/67 MP: 12/12
  4777 | D:6      | Found Resypiw's Assorted Antiques.
  4789 | D:6      | Bought a helmet for 108 gold pieces
  4833 | D:6      | HP: 31/67 [hound (4)]
  4982 | D:6      | Found a blossoming altar of Fedhas.
  5083 | D:6      | Found a bloodstained altar of Trog.
  5104 | D:6      | Reached skill level 2 in Axes
  5278 | D:6      | Found Umicar's Antique Armour Shoppe.
  5342 | D:5      | Found a sacrificial altar of Ru.
  5349 | D:5      | HP: 33/67 [iguana (10)]
  5612 | D:5      | Found a hazy altar of Hepliaklqana.
  5690 | D:5      | Found a glowing silver altar of Zin.
  5695 | D:5      | Found a staircase to the Ecumenical Temple.
  5799 | D:5      | Found a shattered altar of Ashenzari.
  6068 | D:6      | Found Afys's Gadget Shop.
  6428 | D:7      | Reached skill level 8 in Fighting
  6526 | D:7      | Reached XP level 8. HP: 38/74 MP: 13/13
  6743 | D:7      | Reached skill level 3 in Axes
  6845 | D:7      | HP: 37/74 [something (1)]
  7124 | D:7      | HP: 31/74 [water moccasin (7)]
  7131 | D:7      | HP: 27/74 [poisoned by a water moccasin]
  7138 | D:7      | HP: 27/74 [poisoned by a water moccasin]
  7146 | D:7      | HP: 26/74 [poisoned by a water moccasin]
  7372 | D:7      | Reached skill level 4 in Axes
  7406 | D:7      | Identified the Incunabulum of the Unstable Glacier
  7692 | D:8      | Noticed a hand axe
  7695 | D:8      | Noticed a dagger
  7771 | D:8      | Noticed a death yak
  7796 | D:8      | HP: 32/74 [crocodile (11)]
  7818 | D:8      | HP: 31/74 [hound (3)]
  7823 | D:8      | HP: 29/74 [hound (1)]
  7831 | D:8      | HP: 24/74 [hound (2)]
  7884 | D:6      | Bought a glowing broad axe for 168 gold pieces
  8076 | D:8      | Reached skill level 5 in Axes
  8097 | D:8      | Found a staircase to the Lair.
  8126 | D:8      | Noticed a hippogriff
  8136 | D:8      | Killed a hippogriff
  8217 | D:8      | Noticed Grum
  8226 | D:8      | HP: 32/74 [Grum/spear of venom (14)]
  8231 | D:8      | HP: 20/74 [poisoned by Grum]
  8233 | D:8      | Found a sacrificial altar of Ru.
  8236 | D:8      | HP: 17/74 [poisoned by Grum]
  8241 | D:8      | HP: 16/74 [poisoned by Grum]
  8248 | D:8      | HP: 15/74 [poisoned by Grum]
  8256 | D:8      | HP: 15/74 [poisoned by Grum]
  8316 | D:8      | HP: 30/74 [crocodile (2)]
  8317 | D:8      | Reached XP level 9. HP: 33/81 MP: 14/14
  8535 | D:8      | Reached skill level 6 in Axes
  8567 | D:8      | Found a hide-covered altar of Uskayaw.
  8594 | D:8      | HP: 39/81 [death yak (7)]
  8599 | D:8      | HP: 29/81 [death yak (2)]
  8601 | D:8      | Killed a death yak
  8601 | D:8      | Reached skill level 7 in Axes
  8834 | D:8      | Killed Grum
  8926 | D:8      | Found a shadowy altar of Dithmenos.
  8968 | D:8      | HP: 39/81 [orc warrior/enchanted war axe (9)]
  8971 | D:8      | HP: 3/81 [orc warrior/enchanted war axe (21)]
  8985 | D:8      | HP: 10/81 [orc warrior/enchanted war axe (10)]
  8987 | D:8      | Slain by an orc warrior

Vanquished Creatures
  A death yak (D:8)
  2 hippogriffs (D:8)
  Grum (D:8)
  A water moccasin (D:7)
  3 sky beasts (D:7)
  A phantom (D:8)
  An ogre (D:6)
  A black bear (D:7)
  4 wolves (D:8)
  A centaur (D:6)
  2 crocodiles (D:8)
  2 bullfrogs (D:6)
  2 scorpions (D:6)
  A centaur zombie (D:5)
  4 orc priests
  5 hounds
  2 jellies (D:7)
  A bullfrog skeleton (D:4)
  6 orc wizards
  Terence (D:2)
  3 iguanas
  4 worker ants
  A howler monkey zombie (D:6)
  9 adders
  An ooze (D:4)
  An adder skeleton (D:5)
  An adder zombie (D:6)
  5 worms
  2 dart slugs
  3 leopard geckos
  19 orcs
  A bat (D:1)
  2 giant cockroaches
  3 goblins
  5 hobgoblins
  9 jackals
  7 kobolds
  4 quokkas
  2 ball pythons (D:2)
  2 frilled lizards
  A leopard gecko skeleton (D:4)
  2 rats
129 creatures vanquished.

Table legend:
 A = Turns spent in this place as a percentage of turns spent in the entire game.
 B = Non-inter-level travel turns spent in this place as a percentage of non-inter-level travel turns spent in the entire game.
 C = Inter-level travel turns spent in this place as a percentage of turns spent in this place.
 D = Turns resting spent in this place as a percentage of non-inter-level travel turns spent in this place.
 E = Turns spent auto-exploring this place as a percentage of non-inter-level travel turns spent in this place.
 F = Non-inter-level travel turns spent in this place divided by the number of levels of this place that you've seen.
                   A       B       C       D       E      F
               +-------+-------+-------+-------+-------+----------------------
         Total | 100.0 | 100.0 |   4.0 |  39.0 |  46.9 | 1078.6
       Dungeon | 100.0 | 100.0 |   4.0 |  39.0 |  46.9 | 1078.6
               +-------+-------+-------+-------+-------+----------------------
